 Dungeon Crawl Stone Soup version 0.29.0-11-gd7f09526c8 (webtiles) character file.

Game seed: 9873205866966026251

23 smilodon the Trooper (level 2, -3/24 HPs)
             Began as a Demonspawn Fighter on Sept 5, 2022.
             Slain by Sigmund
             ... wielding a +0 scythe
              (6 damage)
             ... on level 2 of the Dungeon.
             The game lasted 00:01:30 (1351 turns).

smilodon the Trooper (Demonspawn Fighter)           Turns: 1351, Time: 00:01:31

Health: -3/24      AC:  6    Str: 16    XL:     2   Next: 75%
Magic:  2/2        EV: 12    Int:  9    God:
Gold:   100        SH:  5    Dex: 12    Spells: 1/1 levels left

rFire   . . .      SeeInvis .   a - +0 war axe
rCold   . . .      Faith    .   c - +1 buckler
rNeg    . . .      Spirit   .   b - +0 scale mail
rPois   .          Reflect  .   (helmet restricted)
rElec   .          Harm     .   (no cloak)
rCorr   .          Rampage  .   (no gloves)
Will    .....                   (no boots)
Stlth   ..........              (no amulet)
HPRegen 0.08/turn               f - +4 ring of evasion
MPRegen 0.08/turn               (no ring)

@: mighty
A: horns 1
a: no special abilities


You were on level 2 of the Dungeon.
You visited 1 branch of the dungeon, and saw 2 of its levels.

You collected 100 gold pieces.

Inventory:

Hand Weapons
 a - a +0 war axe (weapon)
Missiles
 h - 4 boomerangs
 l - 8 javelins (quivered)
Armour
 b - a +0 scale mail (worn)
 c - a +1 buckler (worn)
Jewellery
 e - a ring of see invisible
 f - a +4 ring of evasion (left hand)
Scrolls
 j - a scroll of enchant weapon


   Skills:
 + Level 3.2 Fighting
 + Level 2.2 Axes
 + Level 3.0 Armour
 + Level 2.9 Shields


You had one spell level left.
You didn't know any spells.
Your spell library was empty.

Dungeon Overview and Level Annotations

Branches:
Dungeon (2/15)

Altars:

Annotations:
D:2 Sigmund


Innate Abilities, Weirdness & Mutations

You have a pair of small horns on your head.


Message History

Sigmund flickers and vanishes!
Deactivating autopickup; reactivate with Ctrl-A.
You slash the adder!
The adder is almost dead.
The adder barely misses you. You block the adder's attack.
A ball python comes into view.
The ball python hisses angrily.
You slash the adder!
You kill the adder!
Something hits you.
Your Armour skill increases to level 3!
Something hits you but does no damage.
You see here an adder corpse.
You barely miss something. Your headbutt misses something.
You hear some strange, mumbled words.
A puff of flame appears from out of thin air!
The puff of flame hits you.
You miss something. You block something's attack.
You slash something! Your headbutt misses something.
Something barely misses you.
You slash something! Something hits you!
You closely miss something.
You hear some strange, mumbled words.
A magic dart appears from out of thin air!
The magic dart hits you.
* * * LOW HITPOINT WARNING * * *
You hit something. Something hits you but does no damage.
You feel better. Something hits you.
You feel better. Something hits you but does no damage.
You barely miss something. Something hits you.
You barely miss something. You miss something. You headbutt something.
Something hits you!
* * * LOW HITPOINT WARNING * * *
You miss something. Something hits you but does no damage.
You miss something. Something hits you.
* * * LOW HITPOINT WARNING * * *
The air fills with toxic fumes!
As you read the scroll labelled TUFOGE UMOILUR, it crumbles to dust.
It was a scroll of poison.
Something hits you.
You die...

# #§# # #. ##§##
#.#.## #§§§#
##..... §§§
....... §§§ #....
#S# ##.## #{# #
#@# ### # #+ #§#
##.###
#.#########§#
##.#.##
#......>.##§#
##.###.#
##.######.##§#
#.## ##.
#####...#####.##§#
#..###..
...............§§#
#.#.#.##
#....#.###.####
#.##.###
.###.#...(....#
#.##.###


You could see a ball python.

Vanquished Creatures
  An adder (D:2)
  2 bats (D:2)
  2 endoplasms (D:2)
  A giant cockroach (D:1)
  A goblin (D:2)
  2 hobgoblins (D:1)
  A kobold (D:1)
  A ball python (D:1)
  A frilled lizard (D:1)
  A rat (D:2)
13 creatures vanquished.

Notes
Turn   | Place    | Note
-------+----------+-------------------------------------------
     0 | D:1      | smilodon the Demonspawn Fighter began the quest for the
                  | Orb.
     0 | D:1      | Reached XP level 1. HP: 18/18 MP: 1/1
   812 | D:2      | Gained mutation: You have a pair of small horns on your
                  | head. [demonic ancestry]
   812 | D:2      | Reached XP level 2. HP: 21/24 MP: 2/2
  1331 | D:2      | Noticed Sigmund
  1351 | D:2      | Slain by Sigmund

Illustrated notes

Levels and vault maps discovered:
D:1:      minmay_arrival_hallway, layout_basic, grunt_decor_cap
D:2:      layout_loops_corners, uniq_sigmund

Skill      XL: |  1  2 |
---------------+-------+-----
Axes           | 2 |  2.2
Armour         | 3 |  3.0
Fighting       | |  3.2
Shields        | |  2.9

Action                   || total
-------------------------++-------
Melee: War axe           ||    52
       Headbutt          ||     1
  Use: Scroll            ||     5
       Potion            ||     4
Armor: Scale mail        ||    20
Dodge: Dodged            ||    30
Block: Buckler           ||    10
